APP
OREM OWLZ @ TEXAS (APP) RANGERS
08/28/2046
 
TOP OF THE 1ST
Orem Owlz batting - Pitching for Texas (APP) Rangers : RHP Mike Hickey
Pitching: RHP Mike Hickey
Batting: RHB Jon Shonka 0-0: SINGLE (Groundball, 6MD, EV 96.9 MPH)
Batting: RHB Sean Rocha 0-0: Called Strike
0-1: Ball
1-1: Foul Ball, location: 2F
1-2: SINGLE (Groundball, 5S, EV 77.5 MPH) (infield hit)
Jon Shonka to second
Batting: LHB Alberto Carrillo 0-0: Called Strike
0-1: Ball
1-1: Fielders Choice at 2nd, 3-6 (Groundball, 34S, EV 91.2 MPH)
Jon Shonka to third
Batting: RHB Peter Westover 0-0: Called Strike
0-1: Ball
1-1: Ball
2-1: Ball
3-1: Called Strike
3-2: Strikes out looking
Batting: RHB Ricky Mejicanos 0-0: Foul Ball, location: 2F
0-1: Swinging Strike
0-2: DOUBLE (Flyball, 8LXD, EV 111.2 MPH)
Jon Shonka scores
Alberto Carrillo to third
Batting: SHB Winikeneke Keikemamake 0-0: Ball
1-0: Foul Ball, location: 2F
1-1: Foul Ball, location: 2F
1-2: Foul Ball, location: 2F
1-2: Foul Ball, location: 2F
1-2: Ball
2-2: Fly out, F8 (Flyball, 8RD, EV 106.9 MPH)
Top of the 1st over - 1 run, 3 hits, 0 errors, 2 left on base; Orem 1 - Texas (APP) 0
BOTTOM OF THE 1ST
Texas (APP) Rangers batting - Pitching for Orem Owlz : RHP Lense Heus
Pitching: RHP Lense Heus
Batting: SHB Tim Rogers 0-0: Called Strike
0-1: Foul Ball, location: 2F
0-2: Ball
1-2: Foul Ball, location: 2F
1-2: Foul Ball, location: 2F
1-2: SINGLE (Line Drive, 8LS, EV 107.5 MPH)
Batting: RHB Sal Cervantes 0-0: Called Strike
Tim Rogers steals 2nd base
0-1: Ball
1-1: Ground out 5-3 (Groundball, 56S, EV 78.1 MPH)
Batting: LHB Tomoya Hashimoto 0-0: Ball
1-0: SINGLE (Groundball, 4D, EV 103.8 MPH)
Tim Rogers to third
Runner from 3rd tries for Home, SAFE, throw by CF to home
Tomoya Hashimoto to second
Batting: RHB Bryan Wheeler 0-0: Ball
1-0: 2-RUN HOME RUN (Flyball, 78XD, EV 107.5 MPH), Distance : 418 ft
Batting: RHB Luis Solorzano 0-0: Called Strike
0-1: Ball
1-1: Ball
2-1: Foul Ball, location: 2F
2-2: SINGLE (Groundball, 4D, EV 103.8 MPH)
Batting: SHB Albert Ortiz 0-0: Ball
1-0: Fly out, F4 (Flyball, 34D, EV 87.5 MPH)
Batting: RHB Ferdi Schipper 0-0: Called Strike
0-1: Foul Ball, location: 2F
0-2: Ball
1-2: Foul Ball, location: 2F
1-2: Ball
2-2: Ball
3-2: DOUBLE (Flyball, 89XD, EV 113.1 MPH)
Luis Solorzano to third
Luis Solorzano scores
Batting: RHB Sebastian Fisk 0-0: Ball
1-0: Called Strike
1-1: Foul Ball, location: 2F
1-2: Ball
2-2: Foul Ball, location: 2F
2-2: Reached via error on a dropped throw from 1B, E1 (Groundball, 34, EV 83.8 MPH)
Ferdi Schipper to third
Batting: RHB Mike Hickey 0-0: Foul Ball, location: 2F
0-1: Ball
1-1: Ball
2-1: DOUBLE (Flyball, 8LD, EV 85.0 MPH)
Ferdi Schipper scores
Sebastian Fisk to third
Runner from 3rd tries for Home, SAFE, throw by CF to home
Batting: SHB Tim Rogers 0-0: Ball
1-0: Ball
2-0: Ball
3-0: Called Strike
3-1: Base on Balls
Batting: RHB Sal Cervantes 0-0: Ball
1-0: Ball
2-0: Foul Ball, location: 2F
2-1: Ball
3-1: Base on Balls
Mike Hickey to third
Tim Rogers to second
Batting: LHB Tomoya Hashimoto 0-0: Called Strike
0-1: Ground out 3-1 (Groundball, 34, EV 96.2 MPH)
Bottom of the 1st over - 6 runs, 6 hits, 1 error, 3 left on base; Orem 1 - Texas (APP) 6
TOP OF THE 2ND
Orem Owlz batting - Pitching for Texas (APP) Rangers : RHP Mike Hickey
Batting: RHB Trevor Kingston 0-0: Ball
1-0: Called Strike
1-1: Ball
2-1: Reached on error, E5 (Groundball, 56S, EV 85.6 MPH)
Batting: RHB Jayden Bain 0-0: Called Strike
0-1: Ball
1-1: Ball
2-1: Grounds into double play, 6-4-3 (Groundball, 6S, EV 79.4 MPH)
Batting: RHB Rory Cobb 0-0: Fly out, F9 (Flyball, 89S, EV 86.9 MPH)
Top of the 2nd over - 0 runs, 0 hits, 1 error, 0 left on base; Orem 1 - Texas (APP) 6
BOTTOM OF THE 2ND
Texas (APP) Rangers batting - Pitching for Orem Owlz : RHP Lense Heus
Batting: RHB Bryan Wheeler 0-0: Ball
1-0: Fly out, F7 (Line Drive, 78M, EV 90.6 MPH)
Batting: RHB Luis Solorzano 0-0: Ball
1-0: Swinging Strike
1-1: Ball
2-1: Ball
3-1: Base on Balls
Batting: SHB Albert Ortiz 0-0: Called Strike
0-1: Ball
1-1: Called Strike
Luis Solorzano steals 2nd base
1-2: SINGLE (Line Drive, 8RS, EV 110.6 MPH)
Luis Solorzano to third
Batting: RHB Ferdi Schipper 0-0: Called Strike
0-1: Ball
1-1: Ball
2-1: Called Strike
2-2: Foul Ball, location: 2F
2-2: Ball
3-2: Base on Balls
Albert Ortiz to second
Pitching: LHP Paul Griffin
Batting: RHB Sebastian Fisk 0-0: Ball
1-0: GRAND SLAM HOME RUN (Flyball, 78XD, EV 99.4 MPH), Distance : 412 ft
Batting: RHB Mike Hickey 0-0: Ball
1-0: Ball
2-0: Called Strike
2-1: Called Strike
2-2: Strikes out looking
Batting: SHB Tim Rogers 0-0: Called Strike
0-1: Ground out 5-3 (Groundball, 56S, EV 66.2 MPH)
Bottom of the 2nd over - 4 runs, 2 hits, 0 errors, 0 left on base; Orem 1 - Texas (APP) 10
TOP OF THE 3RD
Orem Owlz batting - Pitching for Texas (APP) Rangers : RHP Mike Hickey
Batting: RHB Jon Shonka 0-0: Ball
1-0: Ball
2-0: Ball
3-0: Called Strike
3-1: Base on Balls
Batting: RHB Sean Rocha 0-0: Ball
Jon Shonka steals 2nd base
1-0: Ball
2-0: Ball
3-0: Called Strike
3-1: Fly out, F8 (Flyball, 8RM, EV 75.6 MPH)
Batting: LHB Alberto Carrillo 0-0: Called Strike
0-1: Foul Ball, location: 2F
0-2: Foul Ball, location: 2F
0-2: Strikes out looking
Batting: RHB Peter Westover 0-0: Ball
1-0: Foul Ball, location: 2F
1-1: Fly out, F9 (Flyball, 9S, EV 86.9 MPH)
Top of the 3rd over - 0 runs, 0 hits, 0 errors, 1 left on base; Orem 1 - Texas (APP) 10
BOTTOM OF THE 3RD
Texas (APP) Rangers batting - Pitching for Orem Owlz : LHP Paul Griffin
Batting: RHB Sal Cervantes 0-0: SINGLE (Groundball, 6MD, EV 99.4 MPH)
Batting: LHB Tomoya Hashimoto 0-0: Foul Ball, location: 2F
0-1: Hit by Pitch
Sal Cervantes to second
Batting: RHB Bryan Wheeler 0-0: Swinging Strike
0-1: 3-RUN HOME RUN (Flyball, 89XD, EV 100.6 MPH), Distance : 387 ft
Pitching: LHP Bill Girton
Batting: RHB Luis Solorzano 0-0: Foul Ball, location: 2F
0-1: DOUBLE (Flyball, 8LD, EV 99.4 MPH)
Batting: SHB Albert Ortiz 0-0: Swinging Strike
0-1: Called Strike
0-2: Strikes out swinging
Batting: RHB Ferdi Schipper 0-0: Called Strike
0-1: Foul Ball, location: 2F
0-2: Strikes out swinging
Batting: RHB Sebastian Fisk 0-0: Ball
1-0: Called Strike
1-1: Called Strike
1-2: Ball
2-2: Foul Ball, location: 2F
2-2: Strikes out swinging
Bottom of the 3rd over - 3 runs, 3 hits, 0 errors, 1 left on base; Orem 1 - Texas (APP) 13
TOP OF THE 4TH
Orem Owlz batting - Pitching for Texas (APP) Rangers : RHP Mike Hickey
Batting: RHB Ricky Mejicanos 0-0: Called Strike
0-1: Swinging Strike
0-2: Ball
1-2: Strikes out swinging
Batting: SHB Winikeneke Keikemamake 0-0: Called Strike
0-1: Ball
1-1: Ball
2-1: Called Strike
2-2: Ball
3-2: Ground out 5-3 (Groundball, 56, EV 108.1 MPH)
Batting: RHB Trevor Kingston 0-0: Ball
1-0: Ball
2-0: Ball
3-0: Base on Balls
Batting: RHB Jayden Bain 0-0: Called Strike
0-1: Ball
1-1: Foul Ball, location: 2F
1-2: Ball
2-2: Ball
3-2: Foul Ball, location: 2F
3-2: Base on Balls
Trevor Kingston to second
Batting: RHB Rory Cobb 0-0: SINGLE (Groundball, 34D, EV 98.8 MPH)
Trevor Kingston to third
Jayden Bain to second
Runner from 3rd tries for Home, throw by RF and OUT! 9-2
Top of the 4th over - 0 runs, 1 hit, 0 errors, 2 left on base; Orem 1 - Texas (APP) 13
BOTTOM OF THE 4TH
Texas (APP) Rangers batting - Pitching for Orem Owlz : LHP Bill Girton
Batting: RHB Mike Hickey 0-0: Foul Ball, location: 2F
0-1: Foul Ball, location: 2F
0-2: Strikes out looking
Batting: SHB Tim Rogers 0-0: Ground out 6-3 (Groundball, 6M, EV 101.2 MPH)
Batting: RHB Sal Cervantes 0-0: Called Strike
0-1: Swinging Strike
0-2: Ball
1-2: Strikes out looking
Bottom of the 4th over - 0 runs, 0 hits, 0 errors, 0 left on base; Orem 1 - Texas (APP) 13
TOP OF THE 5TH
Orem Owlz batting - Pitching for Texas (APP) Rangers : RHP Mike Hickey
Batting: RHB Jon Shonka 0-0: Called Strike
0-1: Ball
1-1: Ground out 6-3 (Groundball, 56, EV 89.4 MPH)
Batting: RHB Sean Rocha 0-0: Called Strike
0-1: Ball
1-1: Ball
2-1: Swinging Strike
2-2: Ball
3-2: Foul Ball, location: 2F
3-2: Foul Ball, location: 2F
3-2: Strikes out swinging
Batting: LHB Alberto Carrillo 0-0: Called Strike
0-1: Ball
1-1: Swinging Strike
1-2: Ball
2-2: Strikes out swinging
Top of the 5th over - 0 runs, 0 hits, 0 errors, 0 left on base; Orem 1 - Texas (APP) 13
BOTTOM OF THE 5TH
Texas (APP) Rangers batting - Pitching for Orem Owlz : LHP Bill Girton
Batting: LHB Tomoya Hashimoto 0-0: Ball
1-0: Ball
2-0: Fly out, F8 (Flyball, 8LXD, EV 100.0 MPH)
Batting: RHB Bryan Wheeler 0-0: Foul Ball, location: 2F
0-1: DOUBLE (Line Drive, 9LD, EV 109.4 MPH)
Batting: RHB Luis Solorzano 0-0: Ball
1-0: Ground out 6-3 (Groundball, 6, EV 89.4 MPH)
Batting: SHB Albert Ortiz 0-0: Ball
1-0: Called Strike
1-1: Swinging Strike
1-2: Foul Ball, location: 2F
1-2: Strikes out swinging
Bottom of the 5th over - 0 runs, 1 hit, 0 errors, 1 left on base; Orem 1 - Texas (APP) 13
TOP OF THE 6TH
Orem Owlz batting - Pitching for Texas (APP) Rangers : RHP Mike Hickey
Batting: RHB Peter Westover 0-0: Swinging Strike
0-1: Foul Ball, location: 2F
0-2: Ball
1-2: Fly out, F9 (Line Drive, 9LM, EV 90.0 MPH)
Batting: RHB Ricky Mejicanos 0-0: Foul Ball, location: 2F
0-1: Ball
1-1: Swinging Strike
1-2: Hit by Pitch
Batting: SHB Winikeneke Keikemamake 0-0: Swinging Strike
0-1: Swinging Strike
0-2: Fielders Choice at 2nd, 6-4 (Groundball, 6, EV 95.0 MPH)
Batting: RHB Trevor Kingston 0-0: 2-RUN HOME RUN (Flyball, 7D, EV 93.8 MPH), Distance : 371 ft
Batting: RHB Jayden Bain 0-0: Called Strike
0-1: Swinging Strike
0-2: Strikes out swinging
Top of the 6th over - 2 runs, 1 hit, 0 errors, 0 left on base; Orem 3 - Texas (APP) 13
BOTTOM OF THE 6TH
Texas (APP) Rangers batting - Pitching for Orem Owlz : LHP Bill Girton
Batting: RHB Ferdi Schipper 0-0: Ball
1-0: Called Strike
1-1: SOLO HOME RUN (Flyball, 7LD, EV 96.2 MPH), Distance : 333 ft
Batting: RHB Sebastian Fisk 0-0: SOLO HOME RUN (Line Drive, 9LD, EV 93.8 MPH), Distance : 354 ft
Batting: RHB Mike Hickey 0-0: Ball
1-0: Ball
2-0: Foul Ball, location: 2F
2-1: Ball
3-1: Base on Balls
Batting: SHB Tim Rogers 0-0: Ball
1-0: Called Strike
Balk!
Mike Hickey to second
1-1: Foul Ball, location: 2F
1-2: Foul Ball, location: 2F
1-2: Strikes out swinging
Pitching: RHP Ju-wei Long
Batting: RHB Sal Cervantes 0-0: Ball
1-0: Ball
Wild Pitch!
Mike Hickey to third
2-0: Called Strike
2-1: Called Strike
2-2: Strikes out swinging
Batting: LHB Tomoya Hashimoto 0-0: TRIPLE (Groundball, 3L, EV 96.2 MPH)
Mike Hickey scores
Batting: RHB Bryan Wheeler 0-0: Ball
1-0: Ball
2-0: Foul Ball, location: 2F
2-1: Ball
3-1: Base on Balls
Batting: RHB Luis Solorzano 0-0: Called Strike
0-1: Reached on error, E6 (Groundball, 6M, EV 99.4 MPH)
Tomoya Hashimoto scores
Bryan Wheeler to third
Batting: SHB Albert Ortiz 0-0: Foul Ball, location: 2F
0-1: Ball
1-1: Foul Ball, location: 2F
1-2: Ground out 6-3 (Groundball, 56, EV 102.5 MPH)
Bottom of the 6th over - 4 runs, 3 hits, 1 error, 2 left on base; Orem 3 - Texas (APP) 17
TOP OF THE 7TH
Orem Owlz batting - Pitching for Texas (APP) Rangers : RHP Mike Hickey
Batting: RHB Rory Cobb 0-0: Ground out 6-3 (Groundball, 6S, EV 88.1 MPH)
Batting: RHB Jon Shonka 0-0: Foul Ball, location: 2F
0-1: Swinging Strike
0-2: Strikes out swinging
Batting: RHB Sean Rocha 0-0: Called Strike
0-1: Ball
1-1: Ball
2-1: Called Strike
2-2: Foul Ball, location: 2F
2-2: Ball
3-2: Foul Ball, location: 2F
3-2: Strikes out swinging
Top of the 7th over - 0 runs, 0 hits, 0 errors, 0 left on base; Orem 3 - Texas (APP) 17
BOTTOM OF THE 7TH
Texas (APP) Rangers batting - Pitching for Orem Owlz : RHP Ju-wei Long
Batting: RHB Ferdi Schipper 0-0: SOLO HOME RUN (Flyball, 78XD, EV 100.0 MPH), Distance : 412 ft
Pitching: RHP Jim Sawicki
Batting: RHB Sebastian Fisk 0-0: Ball
1-0: Foul Ball, location: 2F
1-1: Called Strike
1-2: Foul Ball, location: 2F
1-2: Ball
2-2: Strikes out swinging
Batting: RHB Mike Hickey 0-0: SINGLE (Groundball, 6D, EV 101.9 MPH)
Batting: SHB Tim Rogers 0-0: Foul Ball, location: 2F
0-1: Called Strike
0-2: Ball
1-2: Ball
2-2: Ball
3-2: Foul Ball, location: 2F
3-2: Foul Ball, location: 2F
3-2: Fly out, F9 (Line Drive, 89M, EV 103.1 MPH)
Batting: RHB Sal Cervantes 0-0: Called Strike
0-1: DOUBLE (Flyball, 8RD, EV 97.5 MPH)
Mike Hickey to third
Batting: LHB Tomoya Hashimoto 0-0: Called Strike
0-1: DOUBLE (Line Drive, 89M, EV 105.6 MPH)
Mike Hickey scores
Sal Cervantes scores
Pitching: RHP Josh Brewer
Batting: RHB Bryan Wheeler 0-0: Swinging Strike
0-1: Ball
1-1: Fly out, F7 (Flyball, 7D, EV 93.1 MPH)
Bottom of the 7th over - 3 runs, 4 hits, 0 errors, 1 left on base; Orem 3 - Texas (APP) 20
TOP OF THE 8TH
Orem Owlz batting - Pitching for Texas (APP) Rangers : RHP Mike Hickey
Pitching: RHP Mike Warren
Batting: LHB Alberto Carrillo 0-0: SINGLE (Flyball, 89S, EV 93.1 MPH)
Batting: RHB Peter Westover 0-0: Swinging Strike
0-1: Called Strike
0-2: Ball
1-2: Ball
2-2: Fielders Choice at 2nd, 6-4 (Groundball, 6, EV 91.2 MPH)
Batting: RHB Ricky Mejicanos 0-0: Ball
1-0: Foul Ball, location: 2F
1-1: Foul Ball, location: 2F
1-2: Ball
2-2: Reached on error, E5 (Groundball, 5S, EV 68.8 MPH)
Peter Westover to second
Batting: SHB Winikeneke Keikemamake 0-0: Fly out, F4 (Popup, 34S, EV 68.1 MPH)
Batting: RHB Trevor Kingston 0-0: Ball
1-0: Foul Ball, location: 2F
1-1: Swinging Strike
1-2: Strikes out looking
Top of the 8th over - 0 runs, 1 hit, 1 error, 2 left on base; Orem 3 - Texas (APP) 20
BOTTOM OF THE 8TH
Texas (APP) Rangers batting - Pitching for Orem Owlz : RHP Josh Brewer
Batting: RHB Luis Solorzano 0-0: Called Strike
0-1: Fly out, F3 (Line Drive, 3L, EV 66.9 MPH)
Batting: SHB Albert Ortiz 0-0: Ball
1-0: Ball
2-0: Ball
3-0: Called Strike
3-1: Swinging Strike
3-2: Base on Balls
Batting: RHB Ferdi Schipper 0-0: TRIPLE (Flyball, 89XD, EV 88.8 MPH)
Albert Ortiz scores
Batting: RHB Sebastian Fisk 0-0: Called Strike
0-1: Swinging Strike
0-2: Fly out, F8 (Line Drive, 8RM, EV 90.0 MPH)
Batting: RHB Mike Hickey 0-0: Ball
1-0: SINGLE (Groundball, P, EV 87.5 MPH) (infield hit)
Ferdi Schipper scores
Batting: SHB Tim Rogers 0-0: Ball
1-0: Called Strike
1-1: 2-RUN HOME RUN (Flyball, 89XD, EV 99.4 MPH), Distance : 406 ft
Pitching: RHP Josh Reynolds
Batting: RHB Sal Cervantes 0-0: Ball
1-0: Ground out U3 (Groundball, 34D, EV 105.0 MPH)
Bottom of the 8th over - 4 runs, 3 hits, 0 errors, 0 left on base; Orem 3 - Texas (APP) 24
TOP OF THE 9TH
Orem Owlz batting - Pitching for Texas (APP) Rangers : RHP Mike Warren
Batting: RHB Jayden Bain 0-0: Ball
1-0: Called Strike
1-1: Foul Ball, location: 2F
1-2: Strikes out swinging
Batting: RHB Rory Cobb 0-0: Swinging Strike
0-1: Ball
1-1: Ground out 6-3 (Groundball, 6, EV 78.8 MPH)
Batting: RHB Jon Shonka 0-0: Ball
1-0: Ball
2-0: Swinging Strike
2-1: Foul Ball, location: 2F
2-2: Strikes out swinging
Top of the 9th over - 0 runs, 0 hits, 0 errors, 0 left on base; Orem 3 - Texas (APP) 24
Tuesday, September 13th , 2022 - OOTP Baseball 23.7 Build 88